 Dungeon Crawl Stone Soup version 0.28.0 (webtiles) character file.

Game seed: 711122989578322223

12 Angani the Sneak (level 2, -4/27 HPs)
             Began as a Draconian Delver on Feb 14, 2022.
             Killed from afar by a white imp (8 damage)
             ... with a puff of frost
             ... on level 5 of the Dungeon.
             The game lasted 00:01:41 (291 turns).

Angani the Sneak (Draconian Delver)                  Turns: 291, Time: 00:01:42

Health: -4/27      AC:  4    Str: 14    XL:     2   Next: 20%
Magic:  2/2        EV: 12    Int: 10    God:
Gold:   0          SH:  0    Dex: 12    Spells: 1/1 levels left

rFire   . . .      SeeInvis .   a - +0 spear
rCold   . . .      Faith    .   (no shield)
rNeg    . . .      Spirit   .   (armour unavailable)
rPois   .          Reflect  .   (helmet restricted)
rElec   .          Harm     .   (no cloak)
rCorr   .          Rampage  .   (no gloves)
Will    .....                   (no boots)
Stlth   +++.......              (no amulet)
HPRegen 0.09/turn               (no ring)
MPRegen 0.08/turn               (no ring)

@: hasted, very quick
A: AC +4, unfitting armour, cold-blooded
a: no special abilities


You were on level 5 of the Dungeon.
You visited 1 branch of the dungeon, and saw 2 of its levels.

Inventory:

Hand Weapons
 a - a +0 spear (weapon)
Wands
 f - a wand of digging (3)
Scrolls
 b - a scroll of fog
 c - a scroll of magic mapping
 d - a scroll of fear


   Skills:
 + Level 3.7 Fighting
 + Level 2.5 Polearms
 - Level 1.7 Dodging
 - Level 4.5 Stealth


You had one spell level left.
You didn't know any spells.
Your spell library was empty.

Dungeon Overview and Level Annotations

Branches:
Dungeon (5/15)
 Temple: D:4-7

Altars:

Shops:
D:5 :

Annotations:
D:4 exclusion: downstairs
D:5 exclusion: 2 upstairs


Innate Abilities, Weirdness & Mutations

Your plain brown scales are hard. (AC +4)
You cannot fit into any form of body armour.
You are cold-blooded and may be slowed by cold attacks.


Message History

The hobgoblin is lightly wounded.
The hobgoblin misses you.
You barely miss the hobgoblin.
The hobgoblin is lightly wounded.
The hobgoblin hits you but does no damage.
You closely miss the hobgoblin.
The hobgoblin is lightly wounded.
The hobgoblin misses you.
You hit the hobgoblin.
The hobgoblin is severely wounded.
The hobgoblin completely misses you.
You hit the hobgoblin. You tail-slap the hobgoblin.
You kill the hobgoblin!
You hear a distant slurping noise.
You start resting.
You hear a distant slurping noise.
A water moccasin comes into view.
There is a stone staircase leading down here.
You climb downwards.
Level annotation: exclusion: 2 upstairs The white imp gestures at you.
The puff of frost hits you!
There is a stone staircase leading up here.
You hit the white imp.
The white imp is lightly wounded.
The white imp barely misses you.
You hit the white imp but do no damage.
Your tail-slap misses the white imp.
The white imp is lightly wounded.
The white imp hits you.
* * * LOW HITPOINT WARNING * * *
The white imp freezes you.
* * * LOW HITPOINT WARNING * * *
You feel yourself speed up. The white imp barely misses you.
You closely miss the white imp.
The white imp is lightly wounded.
You hit the white imp.
Your tail-slap misses the white imp.
The white imp is heavily wounded.
The white imp gestures at you. The puff of frost hits you!
You die...

#..>......
#.....♣.)#
#........#### .#
#..♣.......#
##....##.........#
#...#............#
...#####.###....#
#.###.....# ..#
#....5@...# # #
##.....<..# ...
##........#
....#(...∩....#
.............##
.......>.....#####
...................
.####...........###
##..........#


You could see a white imp.

Vanquished Creatures
  An adder (D:4)
  A hobgoblin (D:4)
  2 ball pythons (D:4)
4 creatures vanquished.

Notes
Turn   | Place    | Note
-------+----------+-------------------------------------------
     0 | D:5      | Angani the Draconian Delver began the quest for the Orb.
     0 | D:5      | Reached XP level 1. HP: 19/19 MP: 1/1
    43 | D:4      | Noticed an ogre
    49 | D:4      | Noticed a hornet
    49 | D:4      | Noticed a phantom
    49 | D:4      | Noticed a jelly
    49 | D:4      | Noticed an iguana
    98 | D:4      | Reached XP level 2. HP: 8/27 MP: 2/2
   282 | D:4      | Noticed a water moccasin
   291 | D:5      | Killed from afar by a white imp

Illustrated notes

Levels and vault maps discovered:
D:4:      layout_basic, mainiacjoe_overflow_alcove_2, general_overflow_altar,
          minmay_temple_entry_slanted, uniq_pikel, uniq_menkaure
D:5:      layout_rooms, serial_shops, nicolae_stop_n_shop_1, grunt_ministairs_9,
          water_boxes_lemuel

Action                   || total
-------------------------++-------
Melee: Spear             ||    27
       Tailslap          ||     2
  Use: Potion            ||     1
Armor: Skin              ||     3
Dodge: Dodged            ||    15
